 Dungeon Crawl Stone Soup version 0.26-a0-597-gb535b0901c (webtiles) character file.

Game seed: 3792484321757674224

196 Eifo4Ohj9gu9Dob0ohLe the Chopper (level 5, -1/47 HPs)
             Began as a Draconian Berserker on Aug 25, 2020.
             Was a Believer of Trog.
             Slain by a gnoll
             ... wielding a +0 spear
              (5 damage)
             ... on level 4 of the Dungeon.
             The game lasted 00:09:08 (3119 turns).

Eifo4Ohj9gu9Dob0ohLe the Chopper (DrBe)             Turns: 3119, Time: 00:09:08

Health: -1/47      AC:  5    Str: 20    XL:     5   Next: 45%
Magic:  5/5        EV: 13    Int:  7    God:    Trog [**....]
Gold:   107        SH:  0    Dex: 11    Spells: 4/4 levels left

rFire    . . .     SeeInvis .   a - +1 hand axe
rCold    . . .     Faith    .   (no shield)
rNeg     . . .     Spirit   .   (armour unavailable)
rPois    .         Reflect  .   (helmet restricted)
rElec    .         Harm     .   (no cloak)
rCorr    .                      (no gloves)
MR       .....                  (no boots)
Stlth    +.........             (no amulet)
HPRegen  0.15/turn              (no ring)
MPRegen  0.09/turn              (no ring)

@: berserk cooldown, slowed, very slow
A: unfitting armour, mutation resistance 1, cold-blooded, AC +5
a: Berserk, Trog's Hand, Renounce Religion


You were on level 4 of the Dungeon.
You worshipped Trog.
Trog was pleased with you.
You visited 1 branch of the dungeon, and saw 4 of its levels.

You collected 107 gold pieces.

Inventory:

Hand Weapons
 a - a +1 hand axe (weapon)
Jewellery
 b - an uncursed ring of see invisible
 h - an uncursed amulet of magic regeneration {unknown}
 j - an uncursed ring of stealth {unknown}
Scrolls
 c - 2 scrolls of teleportation
 d - 2 scrolls of remove curse
 f - 2 scrolls of identify


   Skills:
 + Level 4.5 Fighting
 + Level 4.6 Axes
 + Level 3.6 Dodging
 + Level 0.8 Stealth


You had 4 spell levels left.
You didn't know any spells.
Your spell library was empty.

Dungeon Overview and Level Annotations

Branches:
Dungeon (4/15)
 Temple: D:4-7

Altars:
Cheibriados
Elyvilon
Hepliaklqana
Nemelex Xobeh
Okawaru
Vehumet


Innate Abilities, Weirdness & Mutations

Your plain brown scales are hard. (AC +5)
You cannot fit into any form of body armour.
You are cold-blooded and may be slowed by cold attacks.
You are somewhat resistant to further mutation.


Message History

You kill the gnoll!
Trog accepts your kill.
You slash the orc!
You kill the orc!
Trog accepts your kill.
The gnoll hits you from afar with a +0 spear.
* * * LOW HITPOINT WARNING * * *
You are no longer berserk.
You are exhausted.
You feel yourself slow down. The gnoll misses you.
Items here: )) [ ††.
You slash the gnoll!
The gnoll is heavily wounded.
The gnoll barely misses you.
You hit the gnoll.
The gnoll is almost dead.
The gnoll hits you with a +0 spear!
* * * LOW HITPOINT WARNING * * *
The gnoll hits you with a +0 spear.
You die...

################
##...(...##.....########
.......................#
.......................#
.......................#
##...##).#########...###
#.. #@)# ##...### #.
#g....... #....... #
#........ +.......
#........ #.......
#........ #.......
#........ #.......
#+####..# ######## ..#


You could see a gnoll.

Vanquished Creatures
  A worker ant (D:2)
  3 gnolls (D:4)
  6 adders
  A worm (D:2)
  5 leopard geckos
  2 orcs
  5 bats
  14 giant cockroaches
  7 goblins
  7 hobgoblins
  4 jackals (D:2)
  10 kobolds
  A quokka (D:3)
  3 frilled lizards
  4 rats
73 creatures vanquished.

Notes
Turn   | Place    | Note
-------+----------+-------------------------------------------
     0 | D:1      | Eifo4Ohj9gu9Dob0ohLe the Draconian Berserker began the
                  | quest for the Orb.
     0 | D:1      | Reached XP level 1. HP: 19/19 MP: 1/1
   538 | D:1      | Reached XP level 2. HP: 20/26 MP: 2/2
  1517 | D:2      | Reached XP level 3. HP: 31/31 MP: 3/3
  1769 | D:2      | Found a sparkling altar of Nemelex Xobeh.
  1814 | D:2      | Found an iron altar of Okawaru.
  1980 | D:2      | Found a radiant altar of Vehumet.
  2068 | D:2      | Reached ** piety under Trog
  2206 | D:2      | Reached XP level 4. HP: 34/40 MP: 4/4
  2587 | D:3      | Found a hazy altar of Hepliaklqana.
  2652 | D:3      | Reached XP level 5. HP: 43/47 MP: 5/5
  2818 | D:3      | Found a snail-covered altar of Cheibriados.
  2833 | D:3      | Found a white marble altar of Elyvilon.
  2976 | D:3      | Gained mutation: You are somewhat resistant to further
                  | mutation. [potion of mutation]
  3119 | D:4      | Slain by a gnoll

Illustrated notes

Levels and vault maps discovered:
D:1:      psy_arrival_basics, layout_loops_corners, chequers_serial_rivers_marsh
D:2:      minmay_roachtagon, layout_loops_ring, vehumet_crystals,
          okawaru_trees_1, nemelex_diamond_rough_becter
D:3:      lemuel_upstairs_altar, layout_rooms, minitemple, lemuel_crystal_altar
D:4:      layout_gridville, old_standard_altar, enter_ossuary_1, hex_tiny

Skill      XL: |  1  2  3  4 |
---------------+-------------+-----
Dodging        | 3 |  3.6
Fighting       | 4 |  4.5
Axes           | 4 |  4.6
Stealth        | |  0.8

Action                   |  1- 3 |  4- 6 || total
-------------------------+-------+-------++-------
Melee: Hand axe          |   111 |   103 ||   214
       Tailslap          |     9 |    12 ||    21
Invok: Berserk           |     1 |     1 ||     2
  Use: Scroll            |       |     6 ||     6
       Potion            |       |     2 ||     2
Armor: Skin              |    36 |    23 ||    59
Dodge: Dodged            |    95 |    72 ||   167

Table legend: (Time is in decaauts)
 A = Elapsed time spent in this place.
 B = Non-inter-level travel time spent in this place.
 C = Inter-level travel time spent in this place.
 D = Time resting spent in this place.
 E = Time spent auto-exploring this place.
 F = Levels seen in this place.
 G = Mean time per level.
                   A        B        C        D        E       F      G
               +--------+--------+--------+--------+--------+-----+--------+
         Total |   3147 |   3049 |     98 |    810 |   1361 |   4 |  786.8 |
       Dungeon |   3147 |   3049 |     98 |    810 |   1361 |   4 |  786.8 |
               +--------+--------+--------+--------+--------+-----+--------+

Top non-repeatable levels by time:
     D:2: 1335 daAuts
     D:1: 1277 daAuts
     D:3: 491 daAuts
     D:4: 42 daAuts
